Map: 킹스 코브 - 래더

Players

Serral

  • Race: Zerg Zerg

INnoVation - Winner!

  • Race: Terran Terran

Event: WESG 2018 Grand Finals

VOD

Have the link to the VOD?

Description

Time

  • Played on: March 17, 2019, 5:10 a.m.
  • Length: 8:08

All games in this series

Show
View Real Time Build Order
Export as new Build Order

Serral Zerg 

Build Orders: Pool First, Ravager All-In 

Get SALT Encoding   

  12  0:17  Spawning Pool  
  11  0:23  Drone  
  11  0:27  Drone  
  13  0:32  Drone  
  14  0:37  Extractor  
  14  0:38  Drone  
  14  0:45  Extractor  
  14  0:46  Drone  
  14  1:05  Zergling x2, Roach Warren  
  14  1:15  Overlord  
  14  1:26  Overlord  
  14  1:45  Roach x2  
  18  1:52  Roach  
  20  2:03  Roach  
  22  2:13  Ravager x2  
  23  2:21  Ravager  
  24  2:25  Roach  
  26  2:32  Drone  
  27  2:44  Ravager  
  27  2:47  Overlord  
  28  2:52  Drone  
  28  2:58  Drone  
  30  3:09  Drone  
  31  3:16  Drone  
  32  3:31  Hatchery  
  31  3:38  Ravager  
  29  3:42  Drone x2  
  29  3:47  Roach  
  29  3:54  Metabolic Boost  
  26  4:03  Queen  
  28  4:10  Drone  
  28  4:11  Drone  
  30  4:18  Ravager  
  30  4:19  Overlord  
  31  4:38  Drone  
  32  4:39  Queen  
  32  4:40  Drone  
  32  4:44  Zergling x2  
  36  4:52  Zergling x2  
  37  4:55  Zergling x2  
  38  5:02  Zergling x2  
  38  5:06  Zergling x2  
  40  5:07  Queen  
  40  5:12  Zergling x4  
  44  5:15  Overlord  
  44  5:23  Overlord  
  42  5:29  Drone x2  
  42  5:34  Spore Crawler  
  42  5:35  Spore Crawler  
  42  5:36  Drone  
  42  5:38  Drone  
  42  5:40  Drone  
  44  5:45  Drone  
  44  5:48  Drone  
  43  5:54  Drone  
  40  5:57  Drone  
  40  6:00  Drone  
  42  6:10  Lair  
  42  6:12  Drone  
  43  6:19  Queen  
  43  6:22  Drone  
  43  6:24  Drone  
  47  6:27  Drone  
  47  6:29  Drone  
  47  6:31  Drone  
  50  6:34  Drone  
  50  6:35  Drone  
  52  6:46  Drone x5  
  55  6:48  Drone  
  55  6:50  Drone  
  56  6:56  Queen  
  56  7:00  Drone  
  57  7:03  Drone x2  
  57  7:05  Drone  
  59  7:12  Overseer  
  59  7:15  Roach x2  
  59  7:18  Queen  
  59  7:21  Roach  
  59  7:31  Roach  
  59  7:48  Overlord  
  59  7:53  Hatchery  
Show
View Real Time Build Order
Export as new Build Order

INnoVation Terran - Winner!

Build Orders: Cyclone Opening, Gas First Reaper Expand 

Get SALT Encoding   

  12  0:00  SCV  
  13  0:12  SCV  
  14  0:17  Supply Depot  
  14  0:25  SCV  
  15  0:28  Refinery  
  15  0:39  SCV  
  16  0:45  Barracks  
  16  0:51  SCV  
  17  1:03  SCV  
  18  1:15  SCV  
  19  1:32  Orbital Command  
  19  1:33  Reaper  
  20  1:45  Command Center  
  20  1:55  Factory  
  20  1:59  SCV  
  21  2:06  Barracks Reactor  
  21  2:11  SCV  
  21  2:15  Bunker  
  22  2:17  Supply Depot  
  22  2:21  Refinery  
  21  2:23  SCV  
  22  2:35  SCV  
  23  2:38  Factory Tech Lab  
  23  2:44  Marine x2  
  23  2:46  Supply Depot  
  23  2:47  SCV  
  26  2:55  Supply Depot  
  26  2:57  Cyclone  
  29  2:59  SCV  
  29  3:02  Marine  
  31  3:08  Supply Depot  
  31  3:12  SCV  
  33  3:19  Starport  
  32  3:33  SCV  
  31  3:41  Marine  
  31  3:46  SCV  
  32  3:53  Cyclone  
  34  3:57  Starport Tech Lab  
  34  3:58  SCV  
  34  4:01  Supply Depot  
  35  4:04  Barracks Reactor  
  35  4:10  SCV  
  36  4:18  Banshee, Cloaking Field  
  40  4:24  SCV  
  40  4:36  Command Center  
  40  4:39  SCV  
  41  4:46  Siege Tank  
  41  4:52  Supply Depot  
  44  4:53  SCV  
  45  5:05  SCV  
  46  5:07  Marine  
  46  5:13  Banshee, Marine  
  51  5:18  SCV  
  52  5:25  Marine  
  53  5:28  Supply Depot  
  53  5:30  SCV  
  53  5:31  Marine  
  49  5:39  Supply Depot  
  49  5:41  Siege Tank  
  49  5:42  SCV  
  53  5:44  Marine  
  54  5:57  SCV  
  54  5:58  Banshee  
  58  6:08  Orbital Command  
  58  6:11  Marine x2  
  58  6:13  Siege Tank  
  63  6:19  SCV  
  64  6:31  Command Center  
  64  6:40  SCV  
  64  6:41  SCV  
  64  6:45  Marine x2, Siege Tank  
  64  6:46  Banshee  
  74  6:53  SCV  
  74  6:54  Supply Depot, SCV  
  76  7:07  Marine x2  
  78  7:09  Barracks  
  78  7:10  Barracks  
  78  7:12  SCV x2  
  77  7:21  Siege Tank  
  77  7:22  Engineering Bay  
  80  7:23  Engineering Bay  
  80  7:24  SCV x2  
  80  7:25  Refinery  
  80  7:26  Marine  
  80  7:28  Marine  
  84  7:36  SCV x2  
  86  7:44  Marine  
  85  7:46  Marine  
  85  7:48  SCV x2  
  81  8:00  Barracks Tech Lab  
Tags
 
Add a new tag
Caveats
  • Supply blocks, unpowered buildings, or Contaminate may cause inaccurate times.
  • Supply counts are checked every 10 seconds.